 Dungeon Crawl Stone Soup version 0.27.1-15-g792fb953b9 (webtiles) character file.

Game seed: 4181796372769766166

50 pkoi the Shield-Bearer (level 4, 0/37 HPs)
             Began as a Formicid Fighter on Nov 19, 2021.
             Splashed by a hobgoblin's acid (9 damage)
             ... led by Robin
             ... on level 4 of the Dungeon.
             The game lasted 00:01:30 (1830 turns).

pkoi the Shield-Bearer (Formicid Fighter)           Turns: 1830, Time: 00:01:31

Health: 0/37       AC:  4    Str: 21    XL:     4   Next: 4%
Magic:  4/4        EV:  8    Int:  8    God:
Gold:   34         SH:  9    Dex: 10    Spells: 3/3 levels left

rFire    . . .     SeeInvis +   a - +0 long sword
rCold    . . .     Faith    .   c - +0 kite shield
rNeg     . . .     Spirit   .   b - +0 scale mail
rPois    .         Reflect  .   (helmet unavailable)
rElec    .         Harm     .   g - +0 cloak
rCorr    .         Rampage  .   (no gloves)
Will     .....                  (no boots)
Stlth    ..........             (no amulet)
HPRegen  0.12/turn              (no ring)
MPRegen  0.09/turn              (no ring)

@: corroded
A: permanent stasis, dig shafts and tunnels, antennae 3, four strong arms
a: Dig, Shaft Self


You were on level 4 of the Dungeon.
You visited 1 branch of the dungeon, and saw 3 of its levels.

You collected 34 gold pieces.

Inventory:

Hand Weapons
 a - a +0 long sword (weapon)
Missiles
 h - 5 boomerangs
Armour
 b - a +0 scale mail (worn)
 c - a +0 kite shield (worn)
 g - a +0 cloak (worn)
Scrolls
 f - a scroll of identify {unknown}
 j - a scroll of silence {unknown}
Potions
 d - a potion of might
 e - 2 potions of degeneration {unknown}
 i - 3 potions of curing {unknown}
 k - a potion of lignification {unknown}


   Skills:
 + Level 3.7 Fighting
 + Level 2.6 Long Blades
 + Level 3.7 Armour
 + Level 4.2 Shields


You had 3 spell levels left.
You didn't know any spells.
Your spell library was empty.

Dungeon Overview and Level Annotations

Branches:
Dungeon (2/15)

Altars:

Shops:
D:1 [


Innate Abilities, Weirdness & Mutations

You cannot be hasted, slowed, berserked, paralysed or teleported.
You can dig through walls and to a lower floor.
You have a pair of large antennae on your head. (SInv)
Your four strong arms can wield two-handed weapons with a shield.


Message History

You are too injured to fight recklessly!
You are too injured to fight recklessly!
You are too injured to fight recklessly!
You are too injured to fight recklessly!
You are too injured to fight recklessly!
You are too injured to fight recklessly!
You are too injured to fight recklessly!
You are too injured to fight recklessly!
You are too injured to fight recklessly!
You are too injured to fight recklessly!
You are too injured to fight recklessly!
You are too injured to fight recklessly!
You are too injured to fight recklessly!
Unknown command.
You closely miss Robin.
Robin is heavily wounded.
Robin roars a battlecry!
The goblin hits you with a +0 dagger. You block Robin's attack.
The goblin hits you with a +0 dagger.
You hit Robin.
Robin is severely wounded.
You block Robin's attack. You block the goblin's attack.
Robin hits you with a +4 dagger of speed.
* * * LOW HITPOINT WARNING * * *
Unknown command.
You slash Robin!
You kill Robin!
You block the goblin's attack. The goblin hits you but does no damage.
You have reached level 4!
You feel clever.
You slash the goblin!
You kill the goblin!
The goblin hits you but does no damage. The goblin barely misses you.
The hobgoblin zaps a wand.
The bolt of acid hits the goblin!
The goblin is splashed with acid.
The acid corrodes the goblin!
The goblin dies!
The bolt of acid hits you!
* * * LOW HITPOINT WARNING * * *
The acid corrodes you!
You are splashed with acid!
You die...

#.# #
#.###g##.#
#....{{..#
#####.####
#.# # #.#
.# #{# ..
#g####.#
#g)@<..#
######.# #
{


You could see a hobgoblin (strong) and a goblin (strong).

Vanquished Creatures
  Robin (D:4)
  3 worms (D:2)
  A ball python (D:2)
  4 endoplasms (D:1)
  A giant cockroach (D:1)
  6 goblins
  3 hobgoblins (D:1)
  2 quokkas (D:2)
  3 bats
  2 frilled lizards
  3 rats
29 creatures vanquished.

Vanquished Creatures (others)
  A goblin (D:4)
1 creature vanquished.

Grand Total: 30 creatures vanquished

Notes
Turn   | Place    | Note
-------+----------+-------------------------------------------
     0 | D:1      | pkoi the Formicid Fighter began the quest for the Orb.
     0 | D:1      | Reached XP level 1. HP: 18/18 MP: 1/1
   368 | D:1      | Reached XP level 2. HP: 14/24 MP: 2/2
   619 | D:1      | Found Baalo's Armour Boutique.
  1228 | D:2      | Reached skill level 4 in Shields
  1242 | D:2      | Reached XP level 3. HP: 8/29 MP: 3/3
  1801 | D:2      | You fall into a shaft and drop 2 floors!
  1804 | D:4      | Noticed Robin
  1829 | D:4      | Killed Robin
  1830 | D:4      | Reached XP level 4. HP: 16/37 MP: 4/4
  1830 | D:4      | Splashed by a hobgoblin's acid

Illustrated notes

Levels and vault maps discovered:
D:1:      matt_arrival_refuge, layout_basic, serial_shops, nicolae_square_shop
D:2:      layout_loops_ring, st_stairs_8
D:4:      layout_loops_ring, uniq_robin

Skill      XL: |  1  2 |
---------------+-------+-----
Shields        | 4 |  4.2
Fighting       | |  3.7
Long Blades    | |  2.6
Armour         | |  3.7

Action                   |  1- 3 |  4- 6 || total
-------------------------+-------+-------++-------
Melee: Long sword        |    94 |     1 ||    95
Armor: Scale mail        |    38 |     1 ||    39
Dodge: Dodged            |    24 |     1 ||    25
Block: Kite shield       |    44 |       ||    44
       Rpst.: Long sword |     7 |       ||     7
